 Dungeon Crawl Stone Soup version 0.25.1-2-g60ff931df9 (webtiles) character file.

Game seed: 11864493357119289673

46 lepoulpe303 the Sneak (level 3, -1/16 HPs)
             Began as a Spriggan Earth Elementalist on Aug 23, 2020.
             Slain by a worm (11 damage)
             ... on level 2 of the Dungeon on Aug 24, 2020.
             The game lasted 00:07:29 (2162 turns).

lepoulpe303 the Sneak (Spriggan Earth Elementalist) Turns: 2162, Time: 00:07:30

Health: -1/16      AC:  2    Str:  4    XL:     3   Next: 44%
Magic:  6/9        EV: 23    Int: 17    God:
Gold:   100        SH:  0    Dex: 16    Spells: 3/9 levels left

rFire    . . .     SeeInvis +   a - +0 dagger
rCold    . . .     Gourm    .   (shield restricted)
rNeg     . . .     Faith    .   c - +0 robe
rPois    .         Spirit   .   (helmet restricted)
rElec    .         Reflect  .   (no cloak)
rCorr    .         Harm     .   (gloves unavailable)
MR       .....                  (boots unavailable)
Stlth    +++.......             (no amulet)
HPRegen  0.05/turn              d - +4 ring of evasion
MPRegen  0.11/turn              (no ring)

@: very slightly contaminated, very quick
A: very small, unfitting armour, see invisible, herbivore, speed 3, slow
metabolism 2
a: no special abilities


You were on level 2 of the Dungeon.
You were not hungry.

You visited 1 branch of the dungeon, and saw 3 of its levels.

You collected 100 gold pieces.

Inventory:

Hand Weapons
 a - a +0 dagger (weapon)
Missiles
 k - 2 curare-tipped darts
 q - 4 boomerangs (quivered)
 Q - 27 stones
Armour
 c - a +0 robe (worn)
Jewellery
 d - a +4 ring of evasion (left hand)
Scrolls
 b - 2 scrolls of identify {unknown}
 f - a scroll of amnesia {unknown}
 i - a scroll of noise {unknown}
 m - a scroll of enchant weapon {unknown}
 p - a scroll of blinking {unknown}
 w - 2 scrolls of remove curse
Potions
 g - 2 potions of invisibility {unknown}
 h - a potion of curing {unknown}
 j - a potion of stabbing {unknown}
 l - a potion of brilliance {unknown}
 o - 2 potions of haste {unknown}
Comestibles
 e - 2 rations


   Skills:
 + Level 0.3 Short Blades
 + Level 3.5 Dodging
 + Level 3.6 Stealth
 * Level 3.5 Spellcasting
 - Level 1.3 Transmutations
 * Level 3.2 Earth Magic


You had 3 spell levels left.
You knew the following spells:

 Your Spells              Type           Power        Failure   Level  Hunger
a - Sandblast             Erth           ##....       4%          1    None
w - Passwall              Tmut/Erth      ##......     10%         2    ##.....
x - Stone Arrow           Conj/Erth      #.....       26%         3    ###....

Your spell library contained the following spells:

 Spells                   Type           Power        Failure   Level  Hunger
 Petrify                  Tmut/Erth      ##......     54%         4    ####...
 Lee's Rapid Deconstruct  Erth           ##........   77%         5    ######.


Dungeon Overview and Level Annotations

Branches:
Dungeon (3/15)

Altars:
Fedhas

Annotations:
D:2 exclusion: oklob plant


Innate Abilities, Weirdness & Mutations

You are very small and have problems with some larger weapons.
You are too small for most types of armour.
You have supernaturally acute eyesight. (SInv)
You are a herbivore.
You cover ground extremely quickly.
You need to consume almost no food.


Message History

You hit the worm.
Aim: a worm (heavily wounded)
You miscast Sandblast.
You are very lightly contaminated with residual magic.
Nothing appears to happen.
The worm closely misses you.
You now have 6/9 mp.
Aim: a worm (heavily wounded)
The blast of sand hits the worm!
Q - 27 stones You now have 5/9 mp.
You hit the worm but do no damage. The worm completely misses you.
You hit the worm. You hit the worm but do no damage. The worm bites you.
You take 6 damage, and have 10/16 hp.
MASSIVE DAMAGE!!
You barely miss the worm. You hit the worm. The worm misses you.
You hit the worm but do no damage. The worm bites you!
Ouch! That really hurt!
You die...

##### #...# ### #####..$#
..######.......###########
..+....+.......w@...>....#
..#....#.......#####.###.#
..#.##.#....#### #.# #.#
.(#.##.#### #.# #.#
..#.##.### #.# #.#
.........# #########.###.#
###.##.#.###.............#
....##.#..##.#######.#####
######.##.##.# #.#


You could see a worm.

Levels and vault maps discovered:
D:1:      minmay_arrival_solitary_statue, layout_basic
D:2:      minmay_chambers_of_ones, layout_basic, tgw_fedhas
D:3:      layout_basic, nicolae_qazlal_style_of_elements

Notes
Turn   | Place    | Note
-------+----------+-------------------------------------------
     0 | D:1      | lepoulpe303 the Spriggan Earth Elementalist began the quest
                  | for the Orb.
     0 | D:1      | Reached XP level 1. HP: 9/9 MP: 5/5
   210 | D:1      | Identified a cursed -2 club
   373 | D:1      | Identified a +0 club
   431 | D:1      | Reached skill level 3 in Spellcasting
   496 | D:1      | Reached XP level 2. HP: 13/13 MP: 5/7
   500 | D:1      | Learned a level 2 spell: Passwall
   748 | D:1      | Identified a +0 club
   930 | D:2      | Reached skill level 3 in Earth Magic
  1128 | D:2      | Identified a cursed -2 dagger
  1220 | D:2      | Reached XP level 3. HP: 16/16 MP: 4/8
  1227 | D:2      | Learned a level 3 spell: Stone Arrow
  1259 | D:2      | Identified a +0 club
  1259 | D:2      | Identified a +0 dagger
  1335 | D:2      | Found a blossoming altar of Fedhas.
  1363 | D:2      | Noticed an oklob plant
  1470 | D:3      | Identified a +0 dagger
  1470 | D:3      | Identified a +0 club
  1471 | D:3      | Identified a +0 hand axe
  1471 | D:3      | Identified a +0 leather armour
  1471 | D:3      | Identified a +0 leather armour
  1725 | D:2      | Identified 3 scrolls of remove curse
  1726 | D:2      | Identified a ring of evasion (You found it on level 1 of
                  | the Dungeon)
  1810 | D:3      | Identified a +0 dagger
  1810 | D:3      | Identified a +2 vorpal mace
  1810 | D:3      | Identified a cursed +0 leather armour
  1810 | D:3      | Identified a +0 hand axe
  1810 | D:3      | Identified a +0 dagger
  1810 | D:3      | Identified a +0 robe
  1810 | D:3      | Identified a cursed -2 club
  1814 | D:2      | HP: 3/16 [orc/+2 vorpal mace (2)]
  2162 | D:2      | Slain by a worm

Table legend:
 A = Turns spent in this place as a percentage of turns spent in the entire game.
 B = Non-inter-level travel turns spent in this place as a percentage of non-inter-level travel turns spent in the entire game.
 C = Inter-level travel turns spent in this place as a percentage of turns spent in this place.
 D = Turns resting spent in this place as a percentage of non-inter-level travel turns spent in this place.
 E = Turns spent auto-exploring this place as a percentage of non-inter-level travel turns spent in this place.
 F = Non-inter-level travel turns spent in this place divided by the number of levels of this place that you've seen.
                   A       B       C       D       E      F
               +-------+-------+-------+-------+-------+----------------------
         Total | 100.0 | 100.0 |  10.6 |  26.5 |  58.1 | 644.0
       Dungeon | 100.0 | 100.0 |  10.6 |  26.5 |  58.1 | 644.0
               +-------+-------+-------+-------+-------+----------------------

Table legend:
 A = Kills in this place as a percentage of kills in entire the game.
 B = Kills by you in this place as a percentage of kills by you in the entire game.
 C = Kills by friends in this place as a percentage of kills by friends in the entire game.
 D = Other kills in this place as a percentage of other kills in the entire game.
 E = Experience gained in this place as a percentage of experience gained in the entire game.
 F = Experience gained in this place divided by the number of levels of this place that you have seen.
                   A       B       C       D       E      F
               +-------+-------+-------+-------+-------+----------------------
         Total | 100.0 | 100.0 |   N/A |   N/A | 100.0 |  22.0
       Dungeon | 100.0 | 100.0 |   N/A |   N/A | 100.0 |  22.0
               +-------+-------+-------+-------+-------+----------------------

Skill      XL: |  1  2 |
---------------+-------+-----
Spellcasting   | 3 |  3.5
Earth Magic    | 3 |  3.2
Short Blades   | |  0.3
Dodging        | |  3.5
Stealth        | |  3.6
Transmutations | |  1.3

Action                   || total
-------------------------++-------
Melee: Unarmed           ||     1
       Dagger            ||    37
 Cast: Sandblast         ||    46
  Use: Scroll            ||     1
Armor: Robe              ||     4
Dodge: Dodged            ||    54

Vanquished Creatures
  An ooze (D:2)
  A worm (D:2)
  A leopard gecko (D:2)
  5 orcs
  4 bats (D:2)
  2 giant cockroaches (D:1)
  4 goblins (D:2)
  6 hobgoblins
  A quokka (D:2)
  2 kobolds
  A rat (D:1)
28 creatures vanquished.
